 Dungeon Crawl Stone Soup version 0.16.1-4-g8e1b745 (webtiles) character file.

45 Helmschank the Distorting Formicid (level 3, 0/29 HPs)
             Began as a Formicid Abyssal Knight on Mar 27, 2015.
             Was a Believer of Lugonu.
             Succumbed to an adder's poison
             ... on level 2 of the Dungeon.
             The game lasted 00:09:51 (2029 turns).

Helmschank the Distorting Formicid (FoAK)           Turns: 2029, Time: 00:09:51

Health: 0/29       AC:  3    Str: 17    XL:     3   Next: 90%
Magic:  4/6        EV: 11    Int: 16    God:    Lugonu [**....]
Gold:   132        SH:  0    Dex: 10    Spells: 0 memorised, 2 levels left

rFire  . . .     SeeInvis +     a - +1 hand axe
rCold  . . .     Clarity  .     b - +0 leather armour
rNeg   . . .     SustAb   .     (no shield)
rPois  .         Gourm    .     (helmet unavailable)
rElec  .         Spirit   .     (no cloak)
rCorr  .         Warding  .     (no gloves)
rMut   .         Stasis   +     (no boots)
MR     .....                    (no amulet)
Stlth  +.........               (no ring)
                                (no ring)

@: brilliant, lethally poisoned (0 -> -3), not resistant to hostile
enchantments, very unstealthy
A: permanent stasis, dig shafts and tunnels, four strong arms, antennae 3
a: Dig, Shaft Self, Depart the Abyss, Bend Space, Renounce Religion


You were on level 2 of the Dungeon.
You worshipped Lugonu.
Lugonu was pleased with you.
You were not hungry.

You visited 1 branch of the dungeon, and saw 2 of its levels.
You visited the Abyss 1 time.

You collected 132 gold pieces.

Inventory:

Hand weapons
 a - a +1 hand axe (weapon)
Missiles
 i - 25 stones (quivered)
Armour
 b - a +0 leather armour (worn)
Scrolls
 d - 2 scrolls of immolation {unknown}
 e - 2 scrolls of identify {unknown}
 g - a scroll of fog {unknown}
 l - a scroll of noise {unknown}
Comestibles
 c - a bread ration
 f - a meat ration
 h - 2 chunks of flesh


   Skills:
 - Level 3.2 Fighting
 + Level 3.1 Axes
 - Level 2.1 Armour
 - Level 0.8 Dodging
 + Level 3.5 Invocations


You had 2 spell levels left.
You didn't know any spells.

Dungeon Overview and Level Annotations

Branches:
Dungeon (2/15)

Altars:


Innate Abilities, Weirdness & Mutations

You are under a permanent stasis effect.
You can dig through walls and to a lower floor.
Your four strong arms can wield two-handed weapons with a shield.
You have a pair of large antennae on your head (SInv).


Message History

* * * LOW HITPOINT WARNING * * *
Drink which item? (? for menu, Esc to quit)
It was a potion of curing.
You feel better. The adder closely misses you.
Use which ability? (? or * to list)
Okay, then.
The adder bites you.
* * * LOW HITPOINT WARNING * * *
You are poisoned.
The adder poisons you!
Use which ability? (? or * to list) Space bends around you!
You blink.
* * * LOW HITPOINT WARNING * * *
You feel slightly more hungry.
* * * LOW HITPOINT WARNING * * *
You feel sick.
Use which ability? (? or * to list) Space bends around you!
You blink.
* * * LOW HITPOINT WARNING * * *
You feel slightly more hungry.
You die...

#..........# #..# #.#
+..........####..# #.#
#................# #.#
###.#............# #.# ...
#.#............# #.# ......#
#.#........<...# #.# .......#
#.##...........# #.#. ........#
#..............###.#.
.........#
###.@.S§.............
.........# #.....#+#+###.###...
.........# #.r...#.............
.........# #.###.####.##.######
#.....######.# #.# #.##.#
#............# #.# #.##.#
#............# #.####.##.#
#............# #.##....#.######
#####........###.##.<..........


You could see an adder and a quokka.

Vanquished Creatures
  2 worms (D:2)
  4 bats
  4 giant cockroaches
  2 hobgoblins (D:1)
  8 goblins
  7 kobolds
  8 rats
  A fungus (D:1)
36 creatures vanquished.

Notes
Turn   | Place    | Note
--------------------------------------------------------------
     0 | Abyss:1  | Helmschank, the Formicid Abyssal Knight, began the quest for the Orb.
     0 | Abyss:1  | Reached XP level 1. HP: 18/18 MP: 1/1
    17 | D:1      | Escaped the Abyss
   350 | D:1      | Reached XP level 2. HP: 22/24 MP: 3/3
   446 | D:1      | Acquired Lugonu's second power
  1104 | D:2      | Reached XP level 3. HP: 20/29 MP: 4/6
  2029 | D:2      | HP: 1/29 [spatial distortion (2)]
  2029 | D:2      | Succumbed to an adder's poison

Action                   || total
-------------------------++-------
Melee: Hand axe          ||   157
Throw: Stone             ||    31
Invok: Bend Space        ||     2
  Use: Potion            ||     2
  Eat: Chunk             ||     4
